TOP OF THE 1ST |
Redwood City Redwoods batting - Pitching for Texarkana Bears : RHP Kosami Tagawa
|
Pitching: RHP Kosami Tagawa
|
|
Batting: LHB Tim Ramsey
|
0-0: Swinging Strike 0-1: Ball 1-1: Ball 2-1: Foul Ball, location: 2F 2-2: Ground out 6-3 (Groundball, 56)
|
Batting: LHB Keith Green
|
0-0: Called Strike 0-1: Ball 1-1: Called Strike 1-2: Strikes out swinging
|
Batting: RHB David Adams
|
0-0: Fly out, F8 (Flyball, 8RM)
|
Top of the 1st over - 0 runs, 0 hits, 0 errors, 0 left on base; Redwood City 0 - Texarkana 0 |
BOTTOM OF THE 1ST |
Texarkana Bears batting - Pitching for Redwood City Redwoods : RHP Pedro Cabrera
|
Pitching: RHP Pedro Cabrera
|
|
Batting: LHB Alberto Medine
|
0-0: Ball 1-0: Called Strike 1-1: Ball 2-1: Foul Ball, location: 2F 2-2: SINGLE (Groundball, 4MD)
|
Batting: RHB Jaime Delgado
|
0-0: Ball 1-0: Foul Ball, location: 2F 1-1: Foul Ball, location: 2F 1-2: Fly out, F9 (Flyball, 89M)
|
Batting: RHB Billy Campbell
|
0-0: Ball 1-0: Ball 2-0: Foul Ball, location: 2F 2-1: Called Strike Balk! Alberto Medine to second 2-2: Fly out, F9 (Flyball, 9LSF)
|
Batting: RHB Lu-fang Huie
|
0-0: Called Strike 0-1: Ball 1-1: Ball 2-1: Foul Ball, location: 2F 2-2: Ground out 6-3 (Groundball, 6S)
|
Bottom of the 1st over - 0 runs, 1 hit, 0 errors, 1 left on base; Redwood City 0 - Texarkana 0 |
TOP OF THE 2ND |
Redwood City Redwoods batting - Pitching for Texarkana Bears : RHP Kosami Tagawa
|
Batting: RHB Steve Sampson
|
0-0: Called Strike 0-1: Called Strike 0-2: Strikes out swinging
|
Batting: RHB Jason Blair
|
0-0: Ball 1-0: Ball 2-0: Ball 3-0: Base on Balls
|
Batting: RHB Joe Noble
|
0-0: Fly out, F9 (Flyball, 9D)
|
Batting: RHB Luis Miguel Sánchez
|
0-0: Called Strike 0-1: Called Strike 0-2: Ball Jason Blair is caught stealing 2nd base
|
Top of the 2nd over - 0 runs, 0 hits, 0 errors, 0 left on base; Redwood City 0 - Texarkana 0 |
BOTTOM OF THE 2ND |
Texarkana Bears batting - Pitching for Redwood City Redwoods : RHP Pedro Cabrera
|
Batting: RHB Gilberto López
|
0-0: Called Strike 0-1: Ground out 1-3 (Groundball, P)
|
Batting: RHB Marvin Johnson
|
0-0: Foul Ball, location: 2F 0-1: Ground out 4-3 (Groundball, 4S)
|
Batting: RHB Steve Garneys
|
0-0: Foul Ball, location: 2F 0-1: Ball 1-1: Ground out 4-3 (Groundball, 4S)
|
Bottom of the 2nd over - 0 runs, 0 hits, 0 errors, 0 left on base; Redwood City 0 - Texarkana 0 |
TOP OF THE 3RD |
Redwood City Redwoods batting - Pitching for Texarkana Bears : RHP Kosami Tagawa
|
Batting: RHB Luis Miguel Sánchez
|
0-0: Ball 1-0: Swinging Strike 1-1: Swinging Strike 1-2: Ball 2-2: Foul Ball, location: 2F 2-2: Strikes out swinging
|
Batting: RHB Héctor Vázquez
|
0-0: Foul Ball, location: 2F 0-1: Bunted foul 0-2: Ball 1-2: Foul Ball, location: 2F 1-2: TRIPLE (Flyball, 7D)
|
Batting: SHB Ryan Holcomb
|
0-0: Fly out, F7 (Flyball, 7LS) Runner from 3rd tags up, SCORES, throw made
|
Batting: LHB Tim Ramsey
|
0-0: Called Strike 0-1: Ball 1-1: SINGLE (Line Drive, 5)
|
Batting: LHB Keith Green
|
0-0: Ball 1-0: Called Strike 1-1: Called Strike 1-2: Foul Ball, location: 2F 1-2: Ball 2-2: Strikes out swinging
|
Top of the 3rd over - 1 run, 2 hits, 0 errors, 1 left on base; Redwood City 1 - Texarkana 0 |
BOTTOM OF THE 3RD |
Texarkana Bears batting - Pitching for Redwood City Redwoods : RHP Pedro Cabrera
|
Batting: RHB Arturo Rodríguez
|
0-0: SINGLE (Groundball, 4MD)
|
Batting: RHB Kun Liu
|
0-0: Called Strike 0-1: Ball 1-1: Ball 2-1: Grounds into double play, 6-4-3 (Groundball, 6)
|
Batting: LHB Alberto Medine
|
0-0: Ball 1-0: Ball 2-0: Foul Ball, location: 2F 2-1: Ball 3-1: Base on Balls
|
Batting: RHB Jaime Delgado
|
0-0: Called Strike 0-1: Foul Ball, location: 2F 0-2: Strikes out swinging
|
Bottom of the 3rd over - 0 runs, 1 hit, 0 errors, 1 left on base; Redwood City 1 - Texarkana 0 |
TOP OF THE 4TH |
Redwood City Redwoods batting - Pitching for Texarkana Bears : RHP Kosami Tagawa
|
Batting: RHB David Adams
|
0-0: Ball 1-0: Foul Ball, location: 2F 1-1: Ball 2-1: Foul Ball, location: 2F 2-2: Strikes out looking
|
Batting: RHB Steve Sampson
|
0-0: Ball 1-0: Ball 2-0: Called Strike 2-1: Ball 3-1: Foul Ball, location: 2F 3-2: SINGLE (Line Drive, 89S)
|
Batting: RHB Jason Blair
|
0-0: Called Strike 0-1: Fly out, F9 (Flyball, 89D)
|
Batting: RHB Joe Noble
|
0-0: Ball 1-0: Ball 2-0: Ball Wild Pitch! Steve Sampson to second 3-0: Base on Balls
|
Pitching: RHP Dave Hammond
|
|
Batting: RHB Luis Miguel Sánchez
|
0-0: Ball 1-0: Foul Ball, location: 2F 1-1: Swinging Strike 1-2: Ball 2-2: Ground out 1-3 (Groundball, 15)
|
Top of the 4th over - 0 runs, 1 hit, 0 errors, 2 left on base; Redwood City 1 - Texarkana 0 |
BOTTOM OF THE 4TH |
Texarkana Bears batting - Pitching for Redwood City Redwoods : RHP Pedro Cabrera
|
Batting: RHB Billy Campbell
|
0-0: Ball 1-0: Ball 2-0: SINGLE (Groundball, 34D)
|
Batting: RHB Lu-fang Huie
|
0-0: Called Strike 0-1: Ball 1-1: Ball 2-1: Ball 3-1: Base on Balls Billy Campbell to second
|
Batting: RHB Gilberto López
|
0-0: Swinging Strike 0-1: Foul Ball, location: 2F 0-2: Grounds into double play, 5-4-3 (Groundball, 56) Billy Campbell to third
|
Batting: RHB Marvin Johnson
|
0-0: Ball 1-0: DOUBLE (Flyball, 8RXD) Billy Campbell scores
|
Batting: RHB Steve Garneys
|
0-0: Ball 1-0: Foul Ball, location: 2F 1-1: Ball 2-1: Ball 3-1: Base on Balls
|
Batting: RHB Arturo Rodríguez
|
0-0: Foul Ball, location: 2F 0-1: Called Strike 0-2: Foul Ball, location: 2F 0-2: Ball 1-2: SINGLE (Line Drive, 6M) Marvin Johnson to third Steve Garneys to second
|
Batting: RHB Kun Liu
|
0-0: Ball 1-0: Foul Ball, location: 2F 1-1: Fielders Choice at 2nd, 6-4 (Groundball, 6)
|
Bottom of the 4th over - 1 run, 3 hits, 0 errors, 3 left on base; Redwood City 1 - Texarkana 1 |
TOP OF THE 5TH |
Redwood City Redwoods batting - Pitching for Texarkana Bears : RHP Dave Hammond
|
Batting: RHB Héctor Vázquez
|
0-0: Ball 1-0: Bunt missed! 1-1: Ball 2-1: Fly out, F8 (Flyball, 8LD)
|
Batting: SHB Ryan Holcomb
|
0-0: Ball 1-0: Ground out 1-3 (Groundball, 13S)
|
Batting: LHB Tim Ramsey
|
0-0: Ball 1-0: Fly out, F8 (Flyball, 8RM)
|
Top of the 5th over - 0 runs, 0 hits, 0 errors, 0 left on base; Redwood City 1 - Texarkana 1 |
BOTTOM OF THE 5TH |
Texarkana Bears batting - Pitching for Redwood City Redwoods : RHP Pedro Cabrera
|
Batting: LHB Alberto Medine
|
0-0: Ground out 1-3 (Groundball, 15S)
|
Batting: RHB Jaime Delgado
|
0-0: Called Strike 0-1: Ground out 4-3 (Groundball, 4M)
|
Batting: RHB Billy Campbell
|
0-0: Ball 1-0: Ball 2-0: Foul Ball, location: 2F 2-1: SINGLE (Groundball, 34D)
|
Batting: RHB Lu-fang Huie
|
0-0: Ball Wild Pitch! Billy Campbell to second 1-0: Called Strike 1-1: Called Strike 1-2: Ball 2-2: Strikes out swinging
|
Bottom of the 5th over - 0 runs, 1 hit, 0 errors, 1 left on base; Redwood City 1 - Texarkana 1 |
TOP OF THE 6TH |
Redwood City Redwoods batting - Pitching for Texarkana Bears : RHP Dave Hammond
|
Batting: LHB Keith Green
|
0-0: Ball 1-0: Called Strike 1-1: Foul Ball, location: 2F 1-2: Ball 2-2: Fly out, F6 (Line Drive, 6MD)
|
Batting: RHB David Adams
|
0-0: Called Strike 0-1: Ball 1-1: Called Strike 1-2: Strikes out swinging
|
Batting: RHB Steve Sampson
|
0-0: Called Strike 0-1: Foul Ball, location: 2F 0-2: Fly out, F4 (Line Drive, 4)
|
Top of the 6th over - 0 runs, 0 hits, 0 errors, 0 left on base; Redwood City 1 - Texarkana 1 |
BOTTOM OF THE 6TH |
Texarkana Bears batting - Pitching for Redwood City Redwoods : RHP Pedro Cabrera
|
Batting: RHB Gilberto López
|
0-0: Called Strike 0-1: Ball 1-1: Ball 2-1: Foul Ball, location: 2F 2-2: Fly out, F7 (Flyball, 7LS)
|
Batting: RHB Marvin Johnson
|
0-0: Ground out 6-3 (Groundball, 6D)
|
Batting: RHB Steve Garneys
|
0-0: Called Strike 0-1: Ball 1-1: Fly out, F7 (Flyball, 7)
|
Bottom of the 6th over - 0 runs, 0 hits, 0 errors, 0 left on base; Redwood City 1 - Texarkana 1 |
TOP OF THE 7TH |
Redwood City Redwoods batting - Pitching for Texarkana Bears : RHP Dave Hammond
|
Batting: RHB Jason Blair
|
0-0: Ball 1-0: Foul Ball, location: 2F 1-1: Ball 2-1: Foul Ball, location: 2F 2-2: Ball 3-2: Foul Ball, location: 2F 3-2: Foul Ball, location: 2F 3-2: Base on Balls
|
Batting: RHB Joe Noble
|
0-0: Ball 1-0: Called Strike 1-1: Foul Ball, location: 2F 1-2: Foul Ball, location: 2F 1-2: Strikes out swinging
|
Pinch Hitting: LHB Vicente Chávez
|
0-0: Ball 1-0: Foul Ball, location: 2F 1-1: Foul Ball, location: 2F 1-2: Grounds into double play, 4-6-3 (Groundball, 4)
|
Top of the 7th over - 0 runs, 0 hits, 0 errors, 0 left on base; Redwood City 1 - Texarkana 1 |
BOTTOM OF THE 7TH |
Texarkana Bears batting - Pitching for Redwood City Redwoods : RHP Pedro Cabrera
|
Pitching: RHP Wayne Williams
|
|
Now at 2B: David Strickland
|
|
Pinch Hitting: LHB Mark Thomas
|
0-0: Called Strike 0-1: Ball 1-1: Swinging Strike 1-2: Foul Ball, location: 2F 1-2: Ball 2-2: Foul Ball, location: 2F 2-2: Ball 3-2: Strikes out swinging
|
Pinch Hitting: RHB Roger Rush
|
0-0: Ball 1-0: Ball 2-0: Ground out 1-3 (Groundball, 13S)
|
Batting: LHB Alberto Medine
|
0-0: Ball 1-0: Ball 2-0: Called Strike 2-1: Ball 3-1: Base on Balls
|
Pinch Hitting: LHB Tom Mullins
|
0-0: Ball 1-0: Ball 2-0: SINGLE (Line Drive, 56D) Alberto Medine to second
|
Batting: RHB Billy Campbell
|
0-0: Ball 1-0: Swinging Strike 1-1: Foul Ball, location: 2F 1-2: Strikes out swinging
|
Bottom of the 7th over - 0 runs, 1 hit, 0 errors, 2 left on base; Redwood City 1 - Texarkana 1 |
TOP OF THE 8TH |
Redwood City Redwoods batting - Pitching for Texarkana Bears : RHP Dave Hammond
|
Pitching: RHP Jesús Ortíz
|
|
Now at 2B: Franklin Lawrence
|
|
Now at 3B: Roger Rush
|
|
Now in CF: Sadao Kimura
|
|
Batting: RHB Héctor Vázquez
|
0-0: Ground out 4-3 (Groundball, 4M)
|
Batting: SHB Ryan Holcomb
|
0-0: Called Strike 0-1: Ball 1-1: Ground out 6-3 (Groundball, 6)
|
Batting: LHB Tim Ramsey
|
0-0: Ball 1-0: Called Strike 1-1: Foul Ball, location: 2F 1-2: Ball 2-2: Ball 3-2: Foul Ball, location: 2F 3-2: Base on Balls
|
Batting: LHB Keith Green
|
0-0: Ball 1-0: Foul Ball, location: 2F 1-1: Ground out 4-3 (Groundball, 4)
|
Top of the 8th over - 0 runs, 0 hits, 0 errors, 1 left on base; Redwood City 1 - Texarkana 1 |
BOTTOM OF THE 8TH |
Texarkana Bears batting - Pitching for Redwood City Redwoods : RHP Wayne Williams
|
Batting: RHB Lu-fang Huie
|
0-0: Called Strike 0-1: Ball 1-1: Swinging Strike 1-2: Foul Ball, location: 2F 1-2: Strikes out swinging
|
Batting: RHB Gilberto López
|
0-0: Foul Ball, location: 2F 0-1: Fly out, F6 (Line Drive, 6)
|
Batting: RHB Marvin Johnson
|
0-0: Called Strike 0-1: DOUBLE (Line Drive, 9LM)
|
Pinch Hitting: RHB Michael Barraclough
|
0-0: Called Strike 0-1: Ball 1-1: Foul Ball, location: 2F 1-2: Strikes out looking
|
Bottom of the 8th over - 0 runs, 1 hit, 0 errors, 1 left on base; Redwood City 1 - Texarkana 1 |
TOP OF THE 9TH |
Redwood City Redwoods batting - Pitching for Texarkana Bears : RHP Jesús Ortíz
|
Now at SS: Cam Flowers
|
|
Batting: RHB David Adams
|
0-0: Ball 1-0: Swinging Strike 1-1: Ball 2-1: Ball 3-1: Fly out, F6 (Popup, 6MD)
|
Batting: RHB Steve Sampson
|
0-0: Ball 1-0: Fly out, F7 (Flyball, 78S)
|
Batting: RHB Jason Blair
|
0-0: SOLO HOME RUN (Line Drive, 7D), Distance : 400 ft
|
Batting: RHB Joe Noble
|
0-0: Called Strike 0-1: Swinging Strike 0-2: Ball 1-2: Foul Ball, location: 2F 1-2: Foul Ball, location: 2F 1-2: SINGLE (Flyball, 78S)
|
Pinch Hitting: RHB Javier Ortíz
|
0-0: Ball 1-0: Ball 2-0: SINGLE (Groundball, 34D) Joe Noble to second Runner from 2nd tries for 3rd, SAFE, no throw
|
Batting: RHB Héctor Vázquez
|
0-0: Ball 1-0: Foul Ball, location: 2F 1-1: Ball 2-1: 3-RUN HOME RUN (Flyball, 7D), Distance : 396 ft
|
Pitching: RHP Vincente Fernández
|
|
Batting: SHB Ryan Holcomb
|
0-0: Ball 1-0: Called Strike 1-1: Ball 2-1: Ball 3-1: Foul Ball, location: 2F 3-2: Base on Balls
|
Batting: LHB Tim Ramsey
|
0-0: Called Strike Ryan Holcomb steals 2nd base 0-1: Ball 1-1: Fly out, F9 (Flyball, 9)
|
Top of the 9th over - 4 runs, 4 hits, 0 errors, 1 left on base; Redwood City 5 - Texarkana 1 |
BOTTOM OF THE 9TH |
Texarkana Bears batting - Pitching for Redwood City Redwoods : RHP Wayne Williams
|
Pitching: RHP Juan Sánchez
|
|
Now at 2B: Dave Lee
|
|
Batting: RHB Sadao Kimura
|
0-0: Ball 1-0: Ground out 6-3 (Groundball, 6)
|
Batting: RHB Roger Rush
|
0-0: Ground out 5-3 (Groundball, 56)
|
Batting: LHB Alberto Medine
|
0-0: Ball 1-0: Ball 2-0: Ball 3-0: Called Strike 3-1: Called Strike 3-2: Strikes out swinging
|
Bottom of the 9th over - 0 runs, 0 hits, 0 errors, 0 left on base; Redwood City 5 - Texarkana 1 |
|